 Dungeon Crawl Stone Soup version 0.26.1-11-gd32895ea62 (webtiles) character file.

Game seed: 16435624443718833666

3022 nothank2 the Cleaver (level 9, -3/78 HPs)
             Began as a Minotaur Fighter on June 14, 2021.
             Was a Follower of Okawaru.
             Slain by a gnoll
             ... wielding a +0 spear
              (4 damage)
             ... on level 8 of the Dungeon.
             The game lasted 00:18:52 (5654 turns).

nothank2 the Cleaver (Minotaur Fighter)             Turns: 5654, Time: 00:18:53

Health: -3/78      AC: 16    Str: 23    XL:     9   Next: 55%
Magic:  8/8        EV: 10    Int: 18    God:    Okawaru [*.....]
Gold:   419        SH: 11    Dex: 11    Spells: 8/8 levels left

rFire    x . .     SeeInvis +   q - +7 mace "Achumur" {pain, +Fly rF- Int+7 SInv}
rCold    . . .     Faith    .   c - +0 kite shield
rNeg     + . .     Spirit   .   j - +0 shadow dragon scales
rPois    .         Reflect  .   (helmet restricted)
rElec    .         Harm     .   J - +0 cloak
rCorr    .         Rampage  .   (no gloves)
Will     +....                  F - +0 pair of boots
Stlth    ++........             n - macabre finger necklace {rN+}
HPRegen  0.23/turn              d - ring of willpower
MPRegen  0.11/turn              h - +4 ring of evasion
                                t - +6 ring of intelligence

@: mighty, brilliant, lethally poisoned (-3 -> -8)
A: retaliatory headbutt, horns 2
a: Renounce Religion, Evoke Flight, Heroism


You were on level 8 of the Dungeon.
You worshipped Okawaru.
Okawaru was aware of your devotion.
You visited 2 branches of the dungeon, and saw 9 of its levels.

You collected 419 gold pieces.

Inventory:

Hand Weapons
 a - a +1 war axe
 k - a +3 short sword
 q - the +7 mace "Achumur" (weapon) {pain, +Fly rF- Int+7 SInv}
   (You found it on level 7 of the Dungeon)

   In the hands of one skilled in necromantic magic, it inflicts extra damage on
   living creatures.
   It affects your intelligence (+7).
   It makes you vulnerable to fire.
   It lets you see invisible.
   It lets you fly.
 G - a +0 dagger
Armour
 c - a +0 kite shield (worn)
 j - +0 shadow dragon scales (worn)
 F - a +0 pair of boots (worn)
 J - a +0 cloak (worn)
Jewellery
 d - a ring of willpower (left hand)
 g - an uncursed ring of ice
 h - a +4 ring of evasion (right hand)
 n - the macabre finger necklace (around neck) {rN+}
   (You found it on level 4 of the Dungeon)

   [amulet of nothing]

   It protects you from negative energy.
 t - a +6 ring of intelligence (on amulet)
Wands
 u - a wand of polymorph (4)
 z - a wand of digging (4)
 C - a wand of disintegration (14)
 K - a wand of flame (16)
Scrolls
 e - 5 scrolls of teleportation
 i - a scroll of random uselessness {unknown}
 l - 9 scrolls of remove curse
 p - 2 scrolls of fear
 s - a scroll of blinking
 y - 5 scrolls of identify
 B - a scroll of enchant weapon
 D - 2 scrolls of enchant armour {unknown}
 H - a scroll of magic mapping
 I - a scroll of vulnerability {unknown}
Potions
 f - 3 potions of flight
 m - a potion of mutation {unknown}
 o - 2 potions of lignification
 r - 2 potions of curing
 v - a potion of haste {unknown}
 w - 2 potions of heal wounds {unknown}
 x - a potion of invisibility {unknown}
 A - a potion of magic {unknown}
 E - a potion of might


   Skills:
 + Level 6.7 Fighting
 - Level 2.4 Short Blades
 * Level 11.4 Axes
 + Level 7.5 Armour
 + Level 7.4 Shields


You had 8 spell levels left.
You didn't know any spells.
Your spell library contained the following spells:

 Spells                   Type           Power        Failure   Level
 Summon Small Mammal      Summ           0%           98%         1
 Call Imp                 Summ           0%           99%         2
 Call Canine Familiar     Summ           0%           100%        3
 Confusing Touch          Hex            0%           100%        3
 Gell's Gravitas          Tloc           0%           100%        3
 Summon Guardian Golem    Hex/Summ       0%           100%        3
 Petrify                  Tmut/Erth      0%           100%        4
 Summon Ice Beast         Ice/Summ       0%           100%        4
 Summon Lightning Spire   Summ/Air       0%           100%        4
 Metabolic Englaciation   Hex/Ice        0%           100%        5
 Yara's Violent Unravell  Hex/Tmut       0%           100%        5


Dungeon Overview and Level Annotations

Branches:
Dungeon (8/15)             Temple (1/1) D:6
   Lair: D:8-11

Altars:
Ashenzari
Cheibriados
Dithmenos
Elyvilon
Fedhas
Kikubaaqudgha
Makhleb
Nemelex Xobeh
Okawaru
Qazlal
Ru
Trog
Uskayaw
Vehumet
Wu Jian
Xom
Yredelemnul
Zin
The Shining One

Shops:
D:5 [


Innate Abilities, Weirdness & Mutations

You reflexively headbutt those who attack you in melee.
You have a pair of horns on your head.


Message History

You hit the orc warrior but do no damage.
Your headbutt misses the orc warrior.
The orc warrior is moderately wounded.
You feel sick.
The orc warrior hits you with a +3 long sword.
* * * LOW HITPOINT WARNING * * *
You feel very mighty all of a sudden.
You feel sick. You block the orc warrior's attack.
You hit the orc warrior.
The orc warrior is moderately wounded.
You feel sick.
The orc priest calls down the wrath of Beogh upon you.
Beogh smites you!
* * * LOW HITPOINT WARNING * * *
It was a potion of brilliance.
You feel clever all of a sudden.
* * * LOW HITPOINT WARNING * * *
You feel sick.
The gnoll hits you from afar with a +0 spear.
You die...

.#..... .'.....
##.....#####+#############
..........................
..........................
...gg...o...............##
..g..o..g.o............##.
#.....).#o#########...##..
#.....))#@o.'.....#..##.._
#.......#...#.......##....
#.......+...#......##.....
#.......######'###.#...###
#######.....##.###.##.'#.#
#.....#.......###..#
+.....+...........##
#.<...#...#.##..#...
#####.....#.#####...


You could see an orc warrior, 2 orc priests, an orc wizard (fast) and a gnoll
(fast).

Vanquished Creatures
  The ghost of oc3rt the Bolt Thrower, an amateur KoHu (D:3)
  2 orc warriors (D:7)
  A sky beast (D:6)
  A black bear (D:6)
  An ice beast (D:6)
  4 ogres
  3 centaurs
  7 bullfrogs
  A gnoll sergeant (D:6)
  2 scorpions
  3 vampire bats (D:4)
  2 howler monkeys
  A bullfrog zombie (D:7)
  5 hounds
  3 orc priests
  3 iguanas
  9 orc wizards
  Ijyb (D:3)
  A worker ant (D:6)
  A hound skeleton (D:6)
  A howler monkey zombie (D:3)
  2 howler monkey skeletons (D:6)
  8 gnolls
  7 adders
  A white imp (D:5)
  2 ufetubi
  2 adder zombies
  An adder skeleton (D:4)
  A dart slug (D:2)
  A worm (D:5)
  5 leopard geckos
  35 orcs
  A bat skeleton (D:4)
  4 bat zombies (D:4)
  A giant cockroach (D:1)
  11 goblins
  6 hobgoblins
  4 quokkas
  3 ball pythons
  A ball python zombie (D:5)
  13 bats
  3 frilled lizards
  10 kobolds
  A leopard gecko zombie (D:6)
  A quokka skeleton (D:5)
  4 rats
181 creatures vanquished.

Notes
Turn   | Place    | Note
-------+----------+-------------------------------------------
     0 | D:1      | nothank2 the Minotaur Fighter began the quest for the Orb.
     0 | D:1      | Reached XP level 1. HP: 19/19 MP: 0/0
   136 | D:1      | Reached XP level 2. HP: 26/27 MP: 1/1
   763 | D:2      | Reached XP level 3. HP: 33/33 MP: 2/2
   912 | D:2      | Found a snail-covered altar of Cheibriados.
   969 | D:2      | Reached skill level 3 in Axes
  1092 | D:2      | Reached XP level 4. HP: 40/40 MP: 3/3
  1352 | D:2      | Reached skill level 1 in Short Blades
  1619 | D:3      | Noticed Ijyb
  1619 | D:3      | Noticed a bullfrog
  1633 | D:3      | Killed Ijyb
  1638 | D:3      | Killed a bullfrog
  1639 | D:3      | Reached skill level 5 in Armour
  1639 | D:3      | Reached XP level 5. HP: 43/47 MP: 4/4
  1690 | D:3      | Found a snail-covered altar of Cheibriados.
  1928 | D:3      | Found a runed translucent gate.
  1928 | D:3      | Found a runed translucent gate.
  1928 | D:3      | Found a runed translucent gate.
  1933 | D:3      | Noticed oc3rt's ghost (amateur KoHu)
  2160 | D:3      | Killed oc3rt's ghost
  2161 | D:3      | Reached skill level 5 in Shields
  2161 | D:3      | Reached XP level 6. HP: 53/55 MP: 5/5
  2222 | D:4      | Reached skill level 5 in Fighting
  2306 | D:4      | Found a stormy altar of Qazlal.
  2339 | D:4      | Reached XP level 7. HP: 58/61 MP: 6/6
  2436 | D:4      | Reached skill level 4 in Axes
  2600 | D:4      | Found an ancient bone altar of Kikubaaqudgha.
  2608 | D:4      | Reached skill level 5 in Axes
  2755 | D:4      | Found a sacrificial altar of Ru.
  2801 | D:4      | Found the macabre finger necklace {rN+}
  3004 | D:5      | Entered Level 5 of the Dungeon
  3016 | D:5      | Reached skill level 6 in Axes
  3081 | D:5      | Reached XP level 8. HP: 70/70 MP: 7/7
  3274 | D:5      | Reached skill level 7 in Axes
  3418 | D:5      | Found Julin's Antique Armour Shop.
  3805 | D:6      | Reached skill level 8 in Axes
  4057 | D:6      | Reached skill level 9 in Axes
  4097 | D:6      | Found a staircase to the Ecumenical Temple.
  4115 | Temple   | Entered the Ecumenical Temple
  4163 | Temple   | Became a worshipper of Warmaster Okawaru
  4269 | D:6      | Noticed a +0 hand axe
  4269 | D:6      | Noticed a +0 dagger
  4273 | D:6      | Found a hide-covered altar of Uskayaw.
  4290 | D:6      | Reached XP level 9. HP: 59/75 MP: 8/8
  4302 | D:6      | Reached skill level 10 in Axes
  4598 | D:7      | Reached * piety under Okawaru
  4603 | D:7      | Got a translucent mace
  4604 | D:7      | Identified the +7 mace "Achumur" {pain, +Fly rF- Int+7
                  | SInv} (You found it on level 7 of the Dungeon)
  4619 | D:7      | Found a stormy altar of Qazlal.
  4624 | D:7      | Found a bloodstained altar of Trog.
  4743 | D:7      | Reached skill level 11 in Axes
  5478 | D:8      | Found a broken altar of Ashenzari.
  5581 | D:8      | Found a sparkling altar of Nemelex Xobeh.
  5653 | D:8      | HP: 2/78 [orc priest/divine providence (12)]
  5654 | D:8      | Slain by a gnoll

Illustrated notes

Levels and vault maps discovered:
D:1:      evilmike_arrival_plus, layout_basic
D:2:      layout_basic, nicolae_overflow_crystal_walls
D:3:      layout_rooms, gammafunk_ghost_necromancy, minmay_liquid_box,
          hangedman_decor_diamond_cutter, grunt_decor_one_mirror,
          cheibriados_altar_1, uniq_ijyb
D:4:      layout_gridville, kennysheep_little_box, kennysheep_vampire_church,
          nicolae_qazlal_eye_of_the_storm
D:5:      layout_loops_ring, serial_shops, nicolae_shop_behind_doors
D:6:      layout_basic, dancing_weapons_uskayaw, minmay_temple_entry_offerings
D:7:      layout_rooms, grunt_temple_overflow_open, nrook_uturn,
          kennysheep_pointless_box
D:8:      layout_gridville, ashenzari_conservatory_becter,
          nemelex_spade_bored_becter
Temple:   jpeg_temple_clearing

Skill      XL: |  1  2  3  4  5  6  7  8  9 |
---------------+----------------------------+-----
Armour         | 4 5 6 7 |  7.5
Shields        | 4 5 6 7 |  7.4
Fighting       | 4 5 6 |  6.7
Axes           | 3 6 9 11 | 11.4
Short Blades   | 2 |  2.4

Action                   |  1- 3 |  4- 6 |  7- 9 || total
-------------------------+-------+-------+-------++-------
Melee: War axe           |    22 |    10 |   210 ||   242
       Headbutt          |    10 |    11 |    48 ||    69
       Short sword       |    41 |    69 |       ||   110
       Unarmed           |       |    20 |       ||    20
       Mace              |       |       |    74 ||    74
  Use: Scroll            |       |    10 |       ||    10
       Potion            |       |     1 |     2 ||     3
 Stab: Confused          |       |     1 |       ||     1
       Sleeping          |       |     2 |     2 ||     4
Armor: Scale mail        |    15 |       |       ||    15
       Plate armour      |     9 |    22 |       ||    31
       Skin              |       |     3 |       ||     3
       Shadow dragon sca |       |    14 |   165 ||   179
Dodge: Dodged            |    28 |    35 |   111 ||   174
Block: Kite shield       |    35 |    35 |   173 ||   243
